 Dungeon Crawl Stone Soup version 0.29.1-12-g30fa7ad0bf (webtiles) character file.

Game seed: 10975388486215393664

602 wormed the Conjurer (level 7, 0/51 HPs)
             Began as a Gnoll Conjurer on Dec 24, 2022.
             Was an Initiate of Sif Muna.
             Slain by an ice beast (13 damage)
             ... on level 4 of the Dungeon.
             The game lasted 00:08:49 (4362 turns).

wormed the Conjurer (Gnoll Conjurer)                Turns: 4362, Time: 00:08:50

Health: 0/51       AC:  4    Str:  7    XL:     7   Next: 41%
Magic:  0/15       EV: 13    Int: 19    God:    Sif Muna [......]
Gold:   175        SH:  4    Dex: 10    Spells: 3/17 levels left

rFire   . . .      SeeInvis .   m - +2 dagger (venom)
rCold   . . .      Faith    .   p - +0 buckler
rNeg    . . .      Spirit   .   a - +0 robe
rPois   .          Reflect  .   (no helmet)
rElec   .          Harm     .   (no cloak)
rCorr   .          Rampage  .   h - +0 pair of gloves
Will    .....                   i - +0 pair of boots
Stlth   +++.......              (no amulet)
HPRegen 0.17/turn               (no ring)
MPRegen 0.14/turn               (no ring)

@: no status effects
A: fangs 1, strong nose, distributed training
a: Renounce Religion


You were on level 4 of the Dungeon.
You worshipped Sif Muna.
Sif Muna was noncommittal.
You visited 1 branch of the dungeon, and saw 5 of its levels.

You collected 175 gold pieces.

Inventory:

Hand Weapons
 c - a +0 rapier
 m - a +2 dagger of venom (weapon)
Armour
 a - a +0 robe (worn)
 h - a +0 pair of gloves (worn)
 i - a +0 pair of boots (worn)
 p - a +0 buckler (worn)
Scrolls
 d - 5 scrolls of identify {unknown}
 g - a scroll of summoning {unknown}
 j - a scroll of fear {unknown}
 k - 2 scrolls of amnesia {unknown}
 l - a scroll of magic mapping {unknown}
 n - a scroll of poison {unknown}
Potions
 b - a potion of magic
 e - a potion of degeneration {unknown}
 f - 2 potions of curing {unknown}
 o - a potion of brilliance {unknown}


   Skills:
 + Level 2.6 Fighting
 + Level 2.6 Short Blades
 + Level 2.6 Long Blades
 + Level 2.6 Axes
 + Level 2.6 Maces & Flails
 + Level 2.6 Polearms
 + Level 2.6 Staves
 + Level 2.6 Ranged Weapons
 + Level 2.6 Throwing
 + Level 2.6 Armour
 + Level 5.3 Dodging
 + Level 5.0 Stealth
 + Level 2.6 Shields
 + Level 2.6 Unarmed Combat
 + Level 5.6 Spellcasting
 + Level 7.4 Conjurations
 + Level 2.1 Hexes
 + Level 2.1 Summonings
 + Level 2.1 Necromancy
 + Level 2.1 Translocations
 + Level 2.1 Transmutations
 + Level 2.1 Fire Magic
 + Level 2.1 Ice Magic
 + Level 2.1 Air Magic
 + Level 2.1 Earth Magic
 + Level 2.1 Poison Magic
 + Level 2.9 Invocations
 + Level 2.6 Evocations


You had 3 spell levels left.
You knew the following spells:

 Your Spells              Type           Power      Damage    Failure   Level
a - Magic Dart            Conj           100%       1d8       1%          1
b - Searing Ray           Conj           66%        2d6       1%          2
c - Dazzling Flash        Conj/Hex       46%        N/A       6%          3
d - Fulminant Prism       Conj/Hex       11%        3d9       22%         4
e - Iskenderun's Mystic   Conj/Tloc      23%        2d6       22%         4

Your spell library contained the following spells:

 Spells                   Type           Power      Damage    Failure   Level
 Apportation              Tloc           26%        N/A       6%          1


Dungeon Overview and Level Annotations

Branches:
Dungeon (5/15)
 Temple: D:4-7

Altars:
Sif Muna

Shops:
D:3 :!(   D:5 [


Innate Abilities, Weirdness & Mutations

You have very sharp teeth.
Your uncanny sense of smell can sniff out nearby items.
Your experience applies equally to all skills.


Message History

Your Fire Magic skill increases to level 2!
Your Ice Magic skill increases to level 2!
Your Air Magic skill increases to level 2!
Your Earth Magic skill increases to level 2!
Your Poison Magic skill increases to level 2!
Things that are here:
a +0 rapier; a +0 leather armour; the human corpse of Eustachio You start resting.
An ice beast comes into view.
Casting: Searing Ray (safe; 1% risk of failure)
Confirm with . or Enter, or press ? or * to list all spells.
You can't see any susceptible monsters within range! (Use Z to cast anyway.) Unknown command.
Casting: Searing Ray (safe; 1% risk of failure)
Confirm with . or Enter, or press ? or * to list all spells.
Aiming: Searing Ray (safe; 1% risk of failure)
Press: ? - help, Shift-Dir - straight line, f - ice beast
Aim: an ice beast (81% to hit)
The searing ray hits the ice beast!
The ice beast is heavily wounded. (Press . to maintain the ray.)
The searing ray hits the ice beast.
The ice beast is heavily wounded.
Without enough magic to sustain it, your searing ray dissipates.
The ice beast misses you.
You hit the ice beast but do no damage.
The ice beast is heavily wounded.
The ice beast barely misses you.
You hit the ice beast.
The ice beast is severely wounded.
The ice beast barely misses you.
Casting: Searing Ray (safe; 1% risk of failure)
Confirm with . or Enter, or press ? or * to list all spells.
You don't have enough magic to cast this spell.
You hit the ice beast.
The ice beast is severely wounded.
The ice beast hits you.
* * * LOW HITPOINT WARNING * * *
The ice beast freezes you!
You die...

#.........[..)...............
#.......###.##.###.###.###...
#^.......##.##.# #.# #.# #.##
#...........##.# #.# #.# #.#
##.####..#####.# #.# #.# #.##
#.# #..# #.# #.# #.# #...
#.####..# #.# #.###.###...
#.#.....#####>###.......##.#
#..........@Y.....###.....#.
###.###.##)######.#####.##.#
#.# #÷##.# #.......##.# #.#
#.##.# ######..##.#
#.###....# #..##.# #...####>#
#..##.# ###.# #†# #...... #.#
#)# #.##### #.# #.# ##.#####


You could see an ice beast.

Vanquished Creatures
  Eustachio (D:4)
  A black bear (D:4)
  Blork the orc (D:4)
  A scorpion (D:4)
  An orc priest (D:3)
  2 hounds
  An orc wizard (D:4)
  7 adders
  2 worms
  2 dart slugs
  4 orcs
  4 ball pythons
  6 bats
  2 endoplasms
  2 giant cockroaches
  2 goblins (D:3)
  5 hobgoblins
  3 jackals (D:2)
  6 quokkas
  5 kobolds
  3 rats
61 creatures vanquished.

Vanquished Creatures (others)
  A plant (D:1)
1 creature vanquished.

Grand Total: 62 creatures vanquished

Notes
Turn   | Place    | Note
-------+----------+-------------------------------------------
     0 | D:1      | wormed the Gnoll Conjurer began the quest for the Orb.
     0 | D:1      | Reached XP level 1. HP: 13/13 MP: 6/6
   391 | D:1      | Found a faded altar of an unknown god.
   398 | D:1      | Got Plato's Exposition on Wanderlust
   701 | D:1      | Reached XP level 2. HP: 19/19 MP: 2/7
   704 | D:1      | Learned a level 2 spell: Searing Ray
  1498 | D:2      | Reached skill level 5 in Spellcasting
  1498 | D:2      | Reached XP level 3. HP: 25/25 MP: 4/9
  1909 | D:3      | Reached skill level 1 in Invocations
  2038 | D:3      | Learned a level 3 spell: Dazzling Flash
  2152 | D:3      | Reached skill level 1 in Fighting
  2152 | D:3      | Reached skill level 1 in Short Blades
  2152 | D:3      | Reached skill level 1 in Long Blades
  2152 | D:3      | Reached skill level 1 in Axes
  2152 | D:3      | Reached skill level 1 in Maces & Flails
  2152 | D:3      | Reached skill level 1 in Polearms
  2152 | D:3      | Reached skill level 1 in Staves
  2152 | D:3      | Reached skill level 1 in Ranged Weapons
  2152 | D:3      | Reached skill level 1 in Throwing
  2152 | D:3      | Reached skill level 1 in Armour
  2152 | D:3      | Reached skill level 1 in Shields
  2152 | D:3      | Reached skill level 1 in Unarmed Combat
  2152 | D:3      | Reached skill level 1 in Evocations
  2203 | D:3      | Found Geuh's Distillery.
  2509 | D:3      | Found Hugylob's Weapon Boutique.
  2695 | D:3      | Reached XP level 4. HP: 32/32 MP: 6/11
  2746 | D:3      | Learned a level 4 spell: Fulminant Prism
  2769 | D:3      | Found Wumem's Book Boutique.
  2798 | D:3      | Reached skill level 1 in Hexes
  2798 | D:3      | Reached skill level 1 in Summonings
  2798 | D:3      | Reached skill level 1 in Necromancy
  2798 | D:3      | Reached skill level 1 in Translocations
  2798 | D:3      | Reached skill level 1 in Transmutations
  2798 | D:3      | Reached skill level 1 in Fire Magic
  2798 | D:3      | Reached skill level 1 in Ice Magic
  2798 | D:3      | Reached skill level 1 in Air Magic
  2798 | D:3      | Reached skill level 1 in Earth Magic
  2798 | D:3      | Reached skill level 1 in Poison Magic
  2885 | D:3      | Found a shimmering blue altar of Sif Muna.
  2958 | D:3      | Became a worshipper of Sif Muna the Loreminder
  3222 | D:4      | Reached XP level 5. HP: 37/37 MP: 9/12
  3409 | D:4      | Reached XP level 6. HP: 44/44 MP: 4/14
  3817 | D:4      | Reached skill level 5 in Dodging
  3818 | D:4      | Noticed a black bear
  3825 | D:4      | Killed a black bear
  3966 | D:4      | Noticed Blork the orc
  3974 | D:4      | Killed Blork the orc
  4266 | D:5      | Entered Level 5 of the Dungeon
  4266 | D:5      | Noticed Eustachio
  4266 | D:5      | Found Iskiojeo's Armour Shop.
  4280 | D:4      | Reached XP level 7. HP: 41/51 MP: 8/15
  4287 | D:4      | Learned a level 4 spell: Iskenderun's Mystic Blast
  4348 | D:4      | Killed Eustachio
  4349 | D:4      | Reached skill level 5 in Stealth
  4362 | D:4      | Slain by an ice beast

Illustrated notes

Levels and vault maps discovered:
D:1:      minmay_arrival_diagonal_passages, layout_basic,
          shapermc_ecumenical_altar_rom_forum
D:2:      layout_basic
D:3:      layout_basic, nicolae_sif_muna_little_library, serial_shops,
          nicolae_shop_statue_plus, nicolae_shop_bloodbath_and_beyond,
          shop_fountains
D:4:      layout_loops_ring, uniq_blork_the_orc
D:5:      layout_gridville, gammafunk_temple_overflow_forgotten,
          vehumet_altar_wand_db, gup_sewer_entry_bowl, serial_shops,
          nicolae_lakefront_shop, nicolae_stop_n_shop_1, nicolae_shop_crystal,
          minivault_1, uniq_sigmund, uniq_eustachio

Skill      XL: |  1  2  3  4  5  6  7 |
---------------+----------------------+-----
Spellcasting   | 5 |  5.6
Invocations    | 1 2 |  2.9
Fighting       | 1 2 |  2.6
Short Blades   | 1 2 |  2.6
Long Blades    | 1 2 |  2.6
Axes           | 1 2 |  2.6
Maces & Flails | 1 2 |  2.6
Polearms       | 1 2 |  2.6
Staves         | 1 2 |  2.6
Ranged Weapons | 1 2 |  2.6
Throwing       | 1 2 |  2.6
Armour         | 1 2 |  2.6
Shields        | 1 2 |  2.6
Unarmed Combat | 1 2 |  2.6
Evocations     | 1 2 |  2.6
Hexes          | 1 2 |  2.1
Summonings     | 1 2 |  2.1
Necromancy     | 1 2 |  2.1
Translocations | 1 2 |  2.1
Transmutations | 1 2 |  2.1
Fire Magic     | 1 2 |  2.1
Ice Magic      | 1 2 |  2.1
Air Magic      | 1 2 |  2.1
Earth Magic    | 1 2 |  2.1
Poison Magic   | 1 2 |  2.1
Dodging        | 5 |  5.3
Stealth        | 5 |  5.0
Conjurations   | |  7.4

Action                   |  1- 3 |  4- 6 |  7- 9 || total
-------------------------+-------+-------+-------++-------
Melee: Rapier            |     8 |       |       ||     8
       Dagger            |       |       |     4 ||     4
 Cast: Magic Dart        |    11 |       |       ||    11
       Searing Ray       |    26 |    24 |     5 ||    55
Armor: Robe              |     4 |     7 |     4 ||    15
Dodge: Dodged            |    11 |    22 |    12 ||    45
Block: Buckler           |       |     4 |     2 ||     6
